 Dungeon Crawl Stone Soup version 0.24.1-14-gf8d2b509d9 (console) character file.

Game seed: 16091696279106762967, levelgen mode: deterministic

97 Kagalorn the Insei (level 4, 0/41 HPs)
             Began as a Gnoll Wanderer on Nov 27, 2020.
             Was an Initiate of Okawaru.
             Killed by nerve-wracking pain
             ... invoked by an orc priest
              (1 damage)
             ... on level 3 of the Dungeon.
             The game lasted 00:04:02 (2059 turns).

Kagalorn the Insei (Gnoll Wanderer)                 Turns: 2059, Time: 00:04:03

Health: 0/41       AC:  1    Str: 15    XL:     4   Next: 68%
Magic:  6/6        EV: 15    Int: 14    God:    Okawaru [......]
Gold:   159        SH:  0    Dex: 15    Spells: 5/5 levels left

rFire    . . .     SeeInvis .     - Unarmed
rCold    . . .     Gourm    .   (no shield)
rNeg     . . .     Faith    .   (no armour)
rPois    .         Spirit   .   p - +0 helmet
rElec    .         Reflect  .   (no cloak)
rCorr    .         Harm     .   (no gloves)
MR       .....                  (no boots)
Stlth    ++........             (no amulet)
HPRegen  0.13/turn              (no ring)
MPRegen  0.10/turn              (no ring)

@: no status effects
A: distributed training, fangs 1, strong nose
a: Renounce Religion


You were on level 3 of the Dungeon.
You worshipped Okawaru.
Okawaru was noncommittal.
You were not hungry.

You visited 1 branch of the dungeon, and saw 3 of its levels.

You collected 159 gold pieces.

Inventory:

Missiles
 h - 111 stones (quivered)
Armour
 d - a +0 robe
 p - a +0 helmet (worn)
Jewellery
 k - an uncursed ring of fire {unknown}
Scrolls
 a - a scroll of fog {unknown}
 c - 3 scrolls of teleportation
 g - 2 scrolls of identify {unknown}
 i - a scroll of remove curse {unknown}
 j - a scroll of amnesia {unknown}
 n - a scroll of blinking {unknown}
 o - a scroll of enchant weapon {unknown}
 q - a scroll of magic mapping {unknown}
Potions
 b - a potion of heal wounds
 e - a potion of haste
 l - a potion of lignification {unknown}
 m - a potion of curing {unknown}
 r - a potion of cancellation {unknown}
Comestibles
 f - 6 rations


   Skills:
 + Level 6.6 Fighting
 + Level 1.2 Short Blades
 + Level 1.2 Long Blades
 + Level 1.2 Axes
 + Level 1.2 Maces & Flails
 + Level 1.2 Polearms
 + Level 1.2 Staves
 + Level 1.2 Slings
 + Level 1.2 Bows
 + Level 1.2 Crossbows
 + Level 1.2 Throwing
 + Level 1.2 Armour
 + Level 4.6 Dodging
 + Level 2.6 Stealth
 + Level 1.2 Shields
 + Level 6.6 Unarmed Combat
 + Level 1.2 Spellcasting
 + Level 1.0 Conjurations
 + Level 1.0 Hexes
 + Level 1.0 Charms
 + Level 1.0 Summonings
 + Level 1.0 Necromancy
 + Level 1.0 Translocations
 + Level 1.0 Transmutations
 + Level 1.0 Fire Magic
 + Level 1.0 Ice Magic
 + Level 1.0 Air Magic
 + Level 1.0 Earth Magic
 + Level 1.0 Poison Magic
 + Level 1.3 Invocations
 + Level 2.8 Evocations


You had 5 spell levels left.
You didn't know any spells.
Your spell library was empty.

Dungeon Overview and Level Annotations

Branches:
Dungeon (3/15)

Altars:
Elyvilon
Hepliaklqana
Okawaru

Annotations:
D:3 Grinder


Innate Abilities, Weirdness & Mutations

Your experience applies equally to all skills.
You have very sharp teeth.
Your uncanny sense of smell can sniff out nearby items.


Message History

You closely miss the orc priest.
The orc priest is severely wounded.
You completely miss the orc priest.
The orc priest is severely wounded.
The orc priest hits you with a +0 hand axe.
You closely miss the orc priest.
The orc priest is severely wounded.
The orc priest calls down the wrath of Beogh upon you.
Beogh smites you!
* * * LOW HITPOINT WARNING * * *
You barely miss the orc priest.
The orc priest is severely wounded.
The orc priest calls down the wrath of Beogh upon you.
Beogh smites you!
* * * LOW HITPOINT WARNING * * *
You closely miss the orc priest.
The orc priest is severely wounded.
The orc priest calls down the wrath of Beogh upon you.
Pain shoots through your body!
You die...

#.##.# #....##
#.##># ##.###.##
#.##.##.###...#.#.##
#.##.#.........###.#
#.##.#
.###..)#.#.###
#.##.# ##.###.....
#....# #..# ######
###.o# #.## #.@# #.#
#..# #.# #..# #.#
####..######.#
#..[.........#
#.##.#########
#.##.# #.##.#####
#.##.....#


You could see an orc priest.

Vanquished Creatures
  An adder (D:3)
  3 oozes
  2 worms (D:3)
  3 dart slugs
  2 leopard geckos
  7 orcs
  4 giant cockroaches
  3 goblins
  6 hobgoblins
  8 bats
  3 frilled lizards
  8 kobolds
  5 rats
55 creatures vanquished.

Notes
Turn   | Place    | Note
-------+----------+-------------------------------------------
     0 | D:1      | Kagalorn the Gnoll Wanderer began the quest for the Orb.
     0 | D:1      | Kagalorn set off with the following items: a +0 dagger, a
                  | potion of heal wounds, 2 scrolls of teleportation, a +0
                  | robe, a potion of haste, a ration
     0 | D:1      | Reached XP level 1. HP: 23/23 MP: 2/2
    33 | D:1      | Reached XP level 2. HP: 21/29 MP: 3/3
   399 | D:1      | Reached XP level 3. HP: 32/35 MP: 4/4
   906 | D:2      | Reached skill level 1 in Invocations
  1017 | D:2      | Found an iron altar of Okawaru.
  1040 | D:2      | Became a worshipper of Warmaster Okawaru
  1282 | D:3      | Found a hazy altar of Hepliaklqana.
  1336 | D:3      | Reached skill level 1 in Short Blades
  1336 | D:3      | Reached skill level 1 in Long Blades
  1336 | D:3      | Reached skill level 1 in Axes
  1336 | D:3      | Reached skill level 1 in Maces & Flails
  1336 | D:3      | Reached skill level 1 in Polearms
  1336 | D:3      | Reached skill level 1 in Staves
  1336 | D:3      | Reached skill level 1 in Slings
  1336 | D:3      | Reached skill level 1 in Bows
  1336 | D:3      | Reached skill level 1 in Crossbows
  1336 | D:3      | Reached skill level 1 in Throwing
  1336 | D:3      | Reached skill level 1 in Armour
  1336 | D:3      | Reached skill level 1 in Shields
  1336 | D:3      | Reached skill level 1 in Spellcasting
  1359 | D:3      | Reached XP level 4. HP: 38/41 MP: 6/6
  1475 | D:3      | Noticed Grinder
  1802 | D:3      | Found a white marble altar of Elyvilon.
  1976 | D:3      | Reached skill level 1 in Conjurations
  1976 | D:3      | Reached skill level 1 in Hexes
  1976 | D:3      | Reached skill level 1 in Charms
  1976 | D:3      | Reached skill level 1 in Summonings
  1976 | D:3      | Reached skill level 1 in Necromancy
  1976 | D:3      | Reached skill level 1 in Translocations
  1976 | D:3      | Reached skill level 1 in Transmutations
  1976 | D:3      | Reached skill level 1 in Fire Magic
  1976 | D:3      | Reached skill level 1 in Ice Magic
  1976 | D:3      | Reached skill level 1 in Air Magic
  1976 | D:3      | Reached skill level 1 in Earth Magic
  1976 | D:3      | Reached skill level 1 in Poison Magic
  2058 | D:3      | HP: 1/41 [orc priest/divine providence (9)]
  2059 | D:3      | Killed from afar by an orc priest

Levels and vault maps discovered:
D:1:      minmay_arrival_checkered_box, layout_rooms
D:2:      layout_basic, okawaru_trees_2
D:3:      layout_loops_ring, lemuel_doored_altar,
          nicolae_overflow_hidden_temple, nicolae_overflow_crystal_walls,
          zin_treasury, uniq_grinder

Skill      XL: |  1  2  3  4 |
---------------+-------------+-----
Invocations    | 1 |  1.3
Short Blades   | 1 |  1.2
Long Blades    | 1 |  1.2
Axes           | 1 |  1.2
Maces & Flails | 1 |  1.2
Polearms       | 1 |  1.2
Staves         | 1 |  1.2
Slings         | 1 |  1.2
Bows           | 1 |  1.2
Crossbows      | 1 |  1.2
Throwing       | 1 |  1.2
Armour         | 1 |  1.2
Shields        | 1 |  1.2
Spellcasting   | 1 |  1.2
Conjurations   | 1 |  1.0
Hexes          | 1 |  1.0
Charms         | 1 |  1.0
Summonings     | 1 |  1.0
Necromancy     | 1 |  1.0
Translocations | 1 |  1.0
Transmutations | 1 |  1.0
Fire Magic     | 1 |  1.0
Ice Magic      | 1 |  1.0
Air Magic      | 1 |  1.0
Earth Magic    | 1 |  1.0
Poison Magic   | 1 |  1.0
Fighting       | |  6.6
Dodging        | |  4.6
Stealth        | |  2.6
Unarmed Combat | |  6.6
Evocations     | |  2.8

Action                   |  1- 3 |  4- 6 || total
-------------------------+-------+-------++-------
Melee: Unarmed           |   100 |    62 ||   162
       Bite              |    10 |     7 ||    17
       Punch             |     4 |     1 ||     5
 Stab: Sleeping          |     2 |     2 ||     4
  Eat: Chunk             |     1 |     3 ||     4
Armor: Robe              |     8 |       ||     8
       Skin              |       |     4 ||     4
Dodge: Dodged            |    70 |    30 ||   100
